 Dungeon Crawl Stone Soup version 0.27-a0-1158-gaa87e14f67 (webtiles) character file.

Game seed: 7755175897609931962

3130 wakim the Cleaver (level 9, 0/81 HPs)
             Began as a Minotaur Fighter on May 15, 2021.
             Was a Priest of Wu Jian.
             Slain by a vampire (10 damage)
             ... on level 7 of the Dungeon.
             The game lasted 00:31:57 (9732 turns).

wakim the Cleaver (Minotaur Fighter)                Turns: 9732, Time: 00:31:57

Health: 0/81       AC: 17    Str: 24    XL:     9   Next: 61%
Magic:  8/8        EV:  7    Int:  6    God:    Wu Jian [***...]
Gold:   401        SH: 11    Dex:  9    Spells: 8/8 levels left

rFire    . . .     SeeInvis .   a - +1 war axe
rCold    . . .     Faith    .   c - +0 kite shield
rNeg     . . .     Spirit   .   j - +0 chain mail
rPois    +         Reflect  .   (helmet restricted)
rElec    .         Harm     .   k - +0 cloak
rCorr    .         Rampage  .   (no gloves)
Will     .....                  e - +0 pair of boots
Stlth    ..........             (no amulet)
HPRegen  0.23/turn              o - ring of poison resistance
MPRegen  0.11/turn              n - +4 ring of protection

@: no status effects
A: horns 2, retaliatory headbutt
a: Renounce Religion, Wall Jump, Serpent's Lash


You were on level 7 of the Dungeon.
You worshipped Wu Jian.
Wu Jian was most pleased with you.
You visited 2 branches of the dungeon, and saw 8 of its levels.

You collected 401 gold pieces.

Inventory:

Hand Weapons
 a - a +1 war axe (weapon)
 b - a +3 hunting sling
 g - a +2 short sword of venom
Missiles
 f - 10 atropa-tipped darts (quivered)
 h - 66 sling bullets
 s - 9 throwing nets {=f!f}
 u - 8 curare-tipped darts {=f}
Armour
 c - a +0 kite shield (worn)
 e - a +0 pair of boots (worn)
 j - a +0 chain mail (worn)
 k - a +0 cloak (worn)
Jewellery
 n - a +4 ring of protection (right hand)
 o - a ring of poison resistance (left hand)
 q - a ring of protection from fire
 t - an amulet of magic regeneration
Wands
 v - a wand of flame (6)
Scrolls
 l - 2 scrolls of enchant weapon
 r - 3 scrolls of identify
 T - a scroll of teleportation
Potions
 d - a potion of cancellation {unknown}
 p - a potion of mutation {unknown}
 w - a potion of ambrosia {unknown}
 x - a potion of haste {unknown}
 B - 2 potions of attraction {!q}
 D - 3 potions of brilliance
 F - 3 potions of curing
 K - 2 potions of magic
 N - 2 potions of might


   Skills:
 + Level 8.1 Fighting
 * Level 10.4 Axes
 + Level 1.2 Slings
 + Level 8.0 Armour
 + Level 8.0 Shields


You had 8 spell levels left.
You didn't know any spells.
Your spell library contained the following spells:

 Spells                   Type           Power      Damage    Failure   Level
 Freeze                   Ice            0%         1d3       100%        1
 Confusing Touch          Hex            0%         N/A       100%        3
 Frozen Ramparts          Ice            0%         1d2       100%        3
 Gell's Gravitas          Tloc           0%         N/A       100%        3
 Ozocubu's Armour         Ice            0%         N/A       100%        3
 Hailstorm                Conj/Ice       0%         3d3       100%        4
 Petrify                  Tmut/Erth      0%         N/A       100%        4
 Metabolic Englaciation   Hex/Ice        0%         N/A       100%        5
 Yara's Violent Unravell  Hex/Tmut       0%         3d3       100%        5


Dungeon Overview and Level Annotations

Branches:
Dungeon (7/15)             Temple (1/1) D:7

Altars:
Hepliaklqana
Kikubaaqudgha
Makhleb
Okawaru
Wu Jian
Yredelemnul
The Shining One

Annotations:
D:4 2 transporters, p0werm0de's ghost, amateur GrFi


Innate Abilities, Weirdness & Mutations

You have a pair of horns on your head.
You reflexively headbutt those who attack you in melee.


Message History

You hit the vampire but do no damage.
The vampire is moderately damaged.
The vampire hits you but does no damage.
You block the vampire's attack.
The vampire casts a spell at itself.
The vampire flickers and vanishes!
Deactivating autopickup; reactivate with Ctrl-A.
You miss something. Your headbutt misses something.
Something hits you but does no damage. You block something's attack.
Unknown command.
You hear some strange, mumbled words.
You are confused.
Something tries to affect you, but you resist.
You bump into the rock wall.
You're too confused to move!
Okay, then.
You bump into the rock wall.
You hit something. You headbutt something.
Something hits you but does no damage. Something bites you!
* * * LOW HITPOINT WARNING * * *
Something draws strength from your injuries!
You're too confused to move!
You feel less confused.
You hear some strange, mumbled words.
Something tries to affect you, but you resist.
Something hits you but does no damage. You block something's attack.
You barely miss something. Your headbutt misses something. Something hits you!
* * * LOW HITPOINT WARNING * * *
Something bites you.
* * * LOW HITPOINT WARNING * * *
Something draws strength from your injuries!
You slash something! You headbutt something.
Something hits you but does no damage. Something bites you but does no damage.
You closely miss something. Something hits you.
* * * LOW HITPOINT WARNING * * *
You block something's attack.
You miss something. Something hits you.
* * * LOW HITPOINT WARNING * * *
Something bites you!
You die...

....##
##...####.........)...## ...##
#####...##.....#.....#...#
..##
###.#####......###..>..###.#
###
##.......##..##...#.....#...#
#
##.....[.)....###...........##
##........)..#.# ##...###...##
##............#.# ##...#...##
##.............#{# ##..#...#
...............#@# ##.....#
...............#.# ####.##
...............#.# #.#
...>..........###. #.#
.............## #.# #.#####
............## #.# #......
#..........## #.# #######
.##.......## #.## ..###....##
#..# ############


There were no monsters in sight!

Vanquished Creatures
  Prince Ribbit (D:6)
  Sigmund (D:3)
  A steam dragon (D:6)
  Grum (D:6)
  A hornet zombie (D:6)
  3 orc warriors
  An ice beast (D:7)
  An ogre (D:5)
  A sky beast (D:5)
  A wolf (D:6)
  A necrophage (D:6)
  A phantom (D:5)
  A bullfrog (D:7)
  A wyvern zombie (D:7)
  A water moccasin zombie (D:5)
  3 gnoll sergeants (D:6)
  A scorpion (D:4)
  2 electric eels (D:6)
  A bullfrog zombie (D:5)
  8 hounds
  2 gnoll shamans (D:6)
  4 orc priests
  Crazy Yiuf (D:2)
  2 bullfrog skeletons
  3 centaur skeletons
  An iguana (D:5)
  4 orc wizards
  28 gnolls
  3 adders
  A shadow imp (D:6)
  An ufetubus (D:4)
  An adder skeleton (D:4)
  A worm (D:4)
  3 dart slugs
  11 orcs
  4 bats
  4 endoplasms
  6 giant cockroaches
  6 hobgoblins
  9 jackals
  12 kobolds
  A quokka (D:4)
  5 ball pythons
  5 frilled lizards
  4 goblins
  3 rats (D:1)
  A spectral orc (D:5)
158 creatures vanquished.

Vanquished Creatures (others)
  A human (D:3)
  A jackal (D:6)
2 creatures vanquished.

Grand Total: 160 creatures vanquished

Notes
Turn   | Place    | Note
-------+----------+-------------------------------------------
     0 | D:1      | wakim the Minotaur Fighter began the quest for the Orb.
     0 | D:1      | Reached XP level 1. HP: 19/19 MP: 0/0
   252 | D:1      | Reached XP level 2. HP: 27/27 MP: 1/1
   475 | D:1      | Reached skill level 3 in Axes
   566 | D:1      | Found a faded altar of an unknown god.
   700 | D:1      | Became a worshipper of the Wu Jian Council
   700 | D:1      | Reached * piety under Wu Jian
  1058 | D:2      | Reached XP level 3. HP: 33/33 MP: 2/2
  1609 | D:2      | Found a runed translucent door.
  1610 | D:2      | Noticed Crazy Yiuf
  1812 | D:2      | Killed Crazy Yiuf
  2128 | D:3      | Found an ancient bone altar of Kikubaaqudgha.
  2130 | D:3      | Noticed a human
  2132 | D:3      | Killed a human
  2144 | D:3      | Reached XP level 4. HP: 40/40 MP: 3/3
  2262 | D:3      | Noticed Sigmund
  2321 | D:4      | Reached skill level 4 in Axes
  2665 | D:4      | Reached ** piety under Wu Jian
  2863 | D:4      | Found a transporter.
  2976 | D:4      | Noticed a scorpion
  2980 | D:4      | Killed a scorpion
  2981 | D:4      | Reached XP level 5. HP: 47/47 MP: 4/4
  3096 | D:4      | Noticed p0werm0de's ghost (amateur GrFi)
  3102 | D:4      | Found a transporter.
  3480 | D:5      | Entered Level 5 of the Dungeon
  3515 | D:5      | Noticed a sky beast
  3529 | D:6      | Noticed a necrophage
  3538 | D:6      | Killed a necrophage
  3539 | D:6      | Reached skill level 5 in Axes
  3539 | D:6      | Reached XP level 6. HP: 55/55 MP: 5/5
  3562 | D:6      | Identified the +1 ring mail "Vooron" {Str+3}
  3773 | D:5      | Reached skill level 5 in Fighting
  3773 | D:5      | Reached skill level 5 in Armour
  3773 | D:5      | Reached skill level 5 in Shields
  3899 | D:5      | Reached skill level 6 in Axes
  3899 | D:5      | Reached XP level 7. HP: 39/61 MP: 6/6
  4742 | D:5      | Found a basalt altar of Yredelemnul.
  4808 | D:6      | Noticed Prince Ribbit
  4810 | D:6      | Found a glowing golden altar of the Shining One.
  4822 | D:6      | Killed Prince Ribbit
  4823 | D:6      | Reached skill level 7 in Axes
  4996 | D:6      | Reached XP level 8. HP: 50/70 MP: 7/7
  5539 | D:6      | Reached skill level 8 in Axes
  5925 | D:6      | Reached *** piety under Wu Jian
  6272 | D:5      | Reached skill level 9 in Axes
  6414 | D:6      | Reached XP level 9. HP: 48/79 MP: 8/8
  6785 | D:6      | Noticed Grum
  6790 | D:6      | Killed Grum
  7687 | D:6      | Found a burning altar of Makhleb.
  7942 | D:3      | Killed Sigmund
  7943 | D:3      | Reached skill level 10 in Axes
  8977 | D:7      | Reached skill level 1 in Slings
  9211 | D:7      | Found a staircase to the Ecumenical Temple.
  9283 | Temple   | Entered the Ecumenical Temple
  9475 | D:7      | Found a hazy altar of Hepliaklqana.
  9732 | D:7      | Slain by a vampire

Illustrated notes

Levels and vault maps discovered:
D:1:      elethiomel_arrival_quiet, layout_loops_cross,
          hellmonk_ecumenical_altar_pennies_from_heaven
D:2:      layout_loops_ring, uniq_crazy_yiuf_cottage
D:3:      layout_loops_cross, tgw_kikubaaqudgha, uniq_sigmund
D:4:      layout_basic, gammafunk_ghost_stat_death
D:5:      layout_basic, yredelemnul_forgotten_temple_becter,
          chequers_serial_rivers_micro_e
D:6:      layout_cave_pools, kennysheep_little_box, tso_metal_star,
          serial_gnoll_camp, gnoll_camp_medium_02, gnoll_camp_huts_moat,
          gnoll_camp_mini_loothouse, grums_kennel, minmay_between,
          uniq_prince_ribbit1
D:7:      layout_cave_pods, lemuel_crystal_altar, minmay_temple_entry_tees
Temple:   eino_wide_crystal_templ

Skill      XL: |  1  2  3  4  5  6  7  8  9 |
---------------+----------------------------+-----
Axes           | 3 4 5 6 7 9 10 | 10.4
Shields        | 4 5 6 7 8 |  8.0
Fighting       | 4 5 6 7 8 |  8.1
Armour         | 4 5 6 7 8 |  8.0
Slings         | 1 |  1.2

Action                   |  1- 3 |  4- 6 |  7- 9 || total
-------------------------+-------+-------+-------++-------
Melee: War axe           |    82 |   100 |   307 ||   489
       Headbutt          |     3 |    13 |    55 ||    71
 Fire: Hunting sling     |     9 |     5 |    69 ||    83
Invok: Lunge             |     6 |     1 |    13 ||    20
       Whirlwind         |       |       |    28 ||    28
       Serpent's Lash    |       |       |     1 ||     1
  Use: Scroll            |     3 |     3 |     5 ||    11
       Potion            |       |       |     1 ||     1
Armor: Chain mail        |    40 |    82 |   229 ||   351
       Scale mail        |     3 |       |       ||     3
Dodge: Dodged            |    19 |    20 |    91 ||   130
Block: Kite shield       |    38 |    68 |   218 ||   324

Table legend: (Time is in decaauts)
 A = Elapsed time spent in this place.
 B = Non-inter-level travel time spent in this place.
 C = Inter-level travel time spent in this place.
 D = Time resting spent in this place.
 E = Time spent auto-exploring this place.
 F = Levels seen in this place.
 G = Mean time per level.
                   A        B        C        D        E       F      G
               +--------+--------+--------+--------+--------+-----+--------+
         Total |   9895 |   9555 |    340 |   1897 |   5986 |   8 | 1236.9 |
       Dungeon |   9893 |   9553 |    340 |   1897 |   5986 |   7 | 1413.3 |
        Temple |      1 |      1 |      0 |      0 |      0 |   1 |    1.0 |
               +--------+--------+--------+--------+--------+-----+--------+

Top non-repeatable levels by time:
     D:6: 3263 daAuts
     D:5: 1579 daAuts
     D:2: 1242 daAuts
     D:4: 1236 daAuts
     D:7: 948 daAuts
     D:1: 862 daAuts
     D:3: 759 daAuts
  Temple: 1 daAuts
